 Dungeon Crawl Stone Soup version 0.27-a0-797-g27d10ad80f (webtiles) character file.

Game seed: 2335079596041351511

26 porpoise the Magician (level 2, -1/24 HPs)
             Began as a Troll Hedge Wizard on Mar 27, 2021.
             Slain by a wyvern zombie (7 damage)
             ... on level 2 of the Dungeon.
             The game lasted 00:02:06 (1157 turns).

porpoise the Magician (Troll Hedge Wizard)          Turns: 1157, Time: 00:02:07

Health: -1/24      AC:  4    Str: 17    XL:     2   Next: 89%
Magic:  4/4        EV:  9    Int: 10    God:
Gold:   37         SH:  0    Dex:  9    Spells: 4/5 levels left

rFire    . . .     SeeInvis .     - Unarmed
rCold    . . .     Faith    .   (no shield)
rNeg     . . .     Spirit   .   b - +0 robe
rPois    .         Reflect  .   c - +0 hat
rElec    .         Harm     .   (no cloak)
rCorr    .         Rampage  .   (gloves unavailable)
Will     .....                  (boots unavailable)
Stlth    +.........             (no amulet)
HPRegen  1.08/turn              (no ring)
MPRegen  0.09/turn              (no ring)

@: no status effects
A: large, unfitting armour, claws 3, regeneration 1, shaggy fur 1, tough skin 1
a: no special abilities


You were on level 2 of the Dungeon.
You visited 1 branch of the dungeon, and saw 2 of its levels.

You collected 37 gold pieces.

Inventory:

Missiles
 f - 37 stones
Armour
 b - a +0 robe (worn)
 c - a +0 hat (worn)
Scrolls
 a - a scroll of identify {unknown}
 e - a scroll of fog {unknown}
 g - a scroll of noise {unknown}
Potions
 d - 3 potions of attraction {unknown}


   Skills:
 - Level 1.5 Dodging
 + Level 1.5 Stealth
 + Level 1.7 Unarmed Combat
 - Level 2.0 Spellcasting
 - Level 0.6 Conjurations
 - Level 0.6 Summonings
 - Level 0.6 Translocations


You had 4 spell levels left.
You knew the following spells:

 Your Spells              Type           Power      Damage    Failure   Level
a - Magic Dart            Conj           8%         1d3       24%         1

Your spell library contained the following spells:

 Spells                   Type           Power      Damage    Failure   Level
 Blink                    Tloc           N/A        N/A       36%         2
 Call Imp                 Summ           2%         N/A       36%         2
 Slow                     Hex            1%         N/A       43%         2
 Conjure Flame            Conj/Fire      1%         6-21      63%         3
 Mephitic Cloud           Conj/Pois/Air  1%         N/A       65%         3


Dungeon Overview and Level Annotations

Branches:
Dungeon (2/15)

Altars:


Innate Abilities, Weirdness & Mutations

You are too large for most types of armour.
You have claws for hands.
Your natural rate of healing is unusually fast.
You are covered in fur. (AC +1)
You have tough skin. (AC +1)


Message History

You claw the frilled lizard!
You kill the frilled lizard!
No target in view!
You see here a frilled lizard corpse.
An endoplasm comes into view.
The endoplasm quivers.
The endoplasm closely misses you.
You claw the endoplasm!
You kill the endoplasm!
No target in view!
An endoplasm comes into view.
The endoplasm quivers.
You claw the endoplasm!
You kill the endoplasm!
Found an escape hatch in the floor.
You see here a +2 dagger of speed.
You see here a +0 dagger.
Partly explored, can't reach some places.
Partly explored, can't reach some places.
Partly explored, can't reach some places.
(D) Dungeon
Where to? (? - help)
There is a stone staircase leading down here.
You climb downwards.
Found 26 gold pieces.
There is a stone staircase leading up here.
You now have 37 gold pieces (gained 11).
Found a stone staircase leading down.
A wyvern zombie comes into view.
You claw the wyvern zombie!
The wyvern zombie is moderately damaged.
The wyvern zombie bites you!
Ouch! That really hurt!
You are too injured to fight recklessly!
You scratch the wyvern zombie.
The wyvern zombie is moderately damaged.
The wyvern zombie bites you.
* * * LOW HITPOINT WARNING * * *
The wyvern zombie bites you!
You die...

#.. #.# .# #.# .#
#.###.# #.#...#
#?....# ####.....#
.##+#####........#
..$........##@Z..#
...........##.>....#
.......<...##......#
.$.........##........
...........######....
...........# ....
...........# .#.
...........# .
...........#


You could see a wyvern zombie.

Vanquished Creatures
  5 ball pythons (D:1)
  3 endoplasms (D:1)
  6 goblins (D:1)
  3 hobgoblins (D:1)
  2 bats (D:1)
  A frilled lizard (D:1)
  A rat (D:1)
21 creatures vanquished.

Notes
Turn   | Place    | Note
-------+----------+-------------------------------------------
     0 | D:1      | porpoise the Troll Hedge Wizard began the quest for the
                  | Orb.
     0 | D:1      | Reached XP level 1. HP: 16/16 MP: 2/2
   387 | D:1      | Reached skill level 1 in Unarmed Combat
   547 | D:1      | Reached XP level 2. HP: 24/24 MP: 4/4
  1157 | D:2      | Slain by a wyvern zombie

Illustrated notes

Levels and vault maps discovered:
D:1:      denvon_arrival_planthouse, layout_basic, minmay_quantized
D:2:      layout_basic, lemuel_zombie_altar_kikubaaqudgha,
          grunt_ashenzari_visionary [grunt_ashenzari_visionary_shoals,
          grunt_ashenzari_visionary_snake]

Skill      XL: |  1 |
---------------+----+-----
Unarmed Combat | 1 |  1.7
Dodging        | |  1.5
Stealth        | |  1.5
Spellcasting   | |  2.0
Conjurations   | |  0.6
Summonings     | |  0.6
Translocations | |  0.6

Action                   || total
-------------------------++-------
Melee: Dagger            ||    12
       Unarmed           ||    37
 Stab: Sleeping          ||     1
Armor: Robe              ||     9
Dodge: Dodged            ||    15

Table legend: (Time is in decaauts)
 A = Elapsed time spent in this place.
 B = Non-inter-level travel time spent in this place.
 C = Inter-level travel time spent in this place.
 D = Time resting spent in this place.
 E = Time spent auto-exploring this place.
 F = Levels seen in this place.
 G = Mean time per level.
                   A        B        C        D        E       F      G
               +--------+--------+--------+--------+--------+-----+--------+
         Total |   1155 |   1124 |     31 |    203 |    768 |   2 |  577.5 |
       Dungeon |   1155 |   1124 |     31 |    203 |    768 |   2 |  577.5 |
               +--------+--------+--------+--------+--------+-----+--------+

Top non-repeatable levels by time:
     D:1: 1139 daAuts
     D:2: 16 daAuts
